 Dungeon Crawl Stone Soup version 0.18.0-1-g0107ab7 (webtiles) character file.

5180 Tarnath the Protected (level 10, -1/91 HPs)
             Began as a Deep Dwarf Fighter on May 4, 2016.
             Was a Follower of Elyvilon.
             Killed by the air
             ... invoked by Gastronok
              (29 damage)
             ... on level 8 of the Dungeon on May 5, 2016.
             The game lasted 00:32:07 (7151 turns).

Tarnath the Protected (Deep Dwarf Fighter)          Turns: 7151, Time: 00:32:08

Health: -1/91      AC: 17    Str: 20    XL:     10   Next: 34%
Magic:  8/11       EV:  8    Int:  9    God:    Elyvilon [*.....]
Gold:   213        SH: 11    Dex: 18    Spells: 0 memorised, 9 levels left

rFire  + . .     SeeInvis .     D - +1 mace (crush)
rCold  . . .     Gourm    .     I - +1 ring mail of the Spheres {*Contam rPois Dex+3} (curse)
rNeg   . . .     Faith    .     c - +0 shield
rPois  +         Spirit   .     (no helmet)
rElec  .         Dismiss  .     b - +2 cloak
rCorr  .         Reflect  .     o - +1 pair of gloves
SustAt .         Harm     .     h - +2 pair of boots
MR     +....                    (no amulet)
Stlth  +.........               E - ring of protection from fire
                                (no ring)

@: non-regenerating, somewhat resistant to hostile enchantments, very unstealthy
A: damage resistance, recharge devices, sense surroundings 2, slow regeneration
3
a: Device Recharging, Lesser Healing, Divine Protection, Renounce Religion


You were on level 8 of the Dungeon.
You worshipped Elyvilon.
Elyvilon was aware of your devotion.
You were not hungry.

You visited 2 branches of the dungeon, and saw 9 of its levels.

You collected 381 gold pieces.
You spent 168 gold pieces at shops.

Inventory:

Hand Weapons
 g - a +1 morningstar
 D - a +1 mace of crushing (weapon)
Armour
 b - a +2 cloak (worn)
 c - a +0 shield (worn)
 h - a +2 pair of boots (worn)
 o - a +1 pair of gloves (worn)
 I - the cursed +1 ring mail of the Spheres (worn) {*Contam rPois Dex+3}
   (You took it off a gnoll shaman on level 8 of the Dungeon)

   It affects your dexterity (+3).
   It protects you from poison.
   It causes magical contamination when unequipped.
   It has a curse placed upon it.
Jewellery
 x - an uncursed ring of ice
 E - a ring of protection from fire (right hand)
Wands
 e - a wand of heal wounds (0/9)
 w - a wand of confusion (22/48)
 y - a wand of lightning (7/15)
 C - a wand of iceblast (4/15)
Scrolls
 j - 2 scrolls of blinking
 k - a scroll of teleportation
 m - 2 scrolls of identify
 n - 2 scrolls of amnesia
 p - 2 scrolls of fear
 q - a scroll of fog
 v - 6 scrolls of remove curse
 F - a scroll of enchant armour
Potions
 a - a potion of cure mutation
 d - a potion of might
 i - a potion of agility {unknown}
 l - 3 potions of curing
 s - 3 potions of lignification
 t - 3 potions of magic
 u - a potion of invisibility {unknown}
 z - a potion of ambrosia {unknown}
 A - a potion of flight {unknown}
 B - 2 potions of heal wounds
 H - a potion of brilliance {unknown}
Comestibles
 f - 5 bread rations
 r - 2 beef jerkies
 G - 3 fruits


   Skills:
 + Level 5.8 Fighting
 + Level 8.6 Maces & Flails
 + Level 9.8 Armour
 - Level 6.4 Shields
 * Level 6.7 Invocations
 - Level 4.3 Evocations


You had 9 spell levels left.
You didn't know any spells.

Dungeon Overview and Level Annotations

Branches:
Dungeon (8/15)             Temple (1/1) D:6            Lair (0/8) D:8

Altars:
Ashenzari
Dithmenos
Elyvilon
Fedhas
Kikubaaqudgha
Makhleb
Okawaru
Pakellas
Ru
Trog
Xom
Zin
The Shining One

Shops:
D:7 }

Annotations:
D:8 Gastronok, Joseph


Innate Abilities, Weirdness & Mutations

You are resistant to damage.
You can recharge devices by infusing magical energy.
You passively map the area around you.
You do not regenerate naturally.


Message History

You block Joseph's attack.
You hit Joseph.
Joseph is heavily wounded.
Joseph closely misses you.
You hit Joseph but do no damage.
Joseph is heavily wounded.
Joseph hits you with an uncursed quarterstaff.
You closely miss Joseph.
Joseph is heavily wounded.
The rat disappears in a puff of smoke!
Joseph closely misses you.
Gastronok's eyestalks wobble, almost dislodging his wizard hat.
You sock Joseph!
Joseph is severely wounded.
You block Joseph's attack.
You hit Joseph.
Joseph is severely wounded.
Joseph hits you with an uncursed quarterstaff!
Gastronok waves his eye-stalks in wide circles.
The air twists around and strikes you!
You die...

, * ###rr)# , ' , ##..#* * , * *
, ##.#### ** * #...r.##, ,
####### * , ##.#((.## #...... ,*
, , , #####).# #...... , ,** ***
##[[## #......
#################g.#### #......
...........#.<(@@rw().# #......
##########.##########)# #.o.... ,
#......^......####.o.... ,
#..########.....hhoo.... , #..#
#.......h.....
#..########.............
##########..#....................
............#.######..#.#...###..
.....######.#.# #..._....# #..


You could see Gastronok, Joseph, a gnoll shaman and a rat.

Vanquished Creatures
  The ghost of tstbtto the Cleaver, a novice DrBe of Trog (D:7)
  The ghost of ilikecats the Severer, an amateur MiFi (D:3)
  Grinder (D:3)
  Sigmund (D:4)
  Edmund (D:4)
  Duvessa (D:4)
  3 ice beasts
  2 sky beasts
  5 orc warriors
  A phantom (D:7)
  2 eyes of draining (D:5)
  4 ogres
  2 wolves (D:8)
  4 centaurs
  A big kobold (D:8)
  Blork the orc (D:4)
  A giant frog (D:5)
  Dowan (D:4)
  A water moccasin zombie (D:6)
  3 scorpions
  A killer bee (D:7)
  3 crimson imps
  8 hounds
  A centaur zombie (D:5)
  A giant frog zombie (D:6)
  A jelly (D:6)
  2 gnoll shamans
  An orc priest (D:6)
  7 orc wizards
  Crazy Yiuf (D:4)
  An iguana (D:5)
  2 giant frog skeletons (D:6)
  13 worker ants
  A killer bee zombie (D:7)
  8 adders
  10 gnolls
  2 shadow imps
  2 oozes
  2 adder skeletons
  4 worms
  A dart slug (D:4)
  5 giant geckos
  35 orcs
  7 giant cockroaches
  7 goblins
  5 hobgoblins
  3 jackals (D:1)
  4 quokkas
  A ball python (D:2)
  9 bats
  A giant cockroach zombie (D:5)
  8 giant newts
  A jackal zombie (D:5)
  8 kobolds
  5 rats
208 creatures vanquished.

Vanquished Creatures (others)
  An orc (D:7)
  A plant (D:8)
2 creatures vanquished.

Grand Total: 210 creatures vanquished

Notes
Turn   | Place    | Note
--------------------------------------------------------------
     0 | D:1      | Tarnath the Deep Dwarf Fighter began the quest for the Orb.
     0 | D:1      | Reached XP level 1. HP: 20/20 MP: 1/1
     7 | D:1      | Noticed a black bear
     7 | D:1      | Noticed a hound
     7 | D:1      | Noticed a komodo dragon
     7 | D:1      | Noticed a rime drake
   244 | D:1      | Reached XP level 2. HP: 24/27 MP: 2/2
   785 | D:2      | Reached XP level 3. HP: 20/34 MP: 3/3
  1347 | D:3      | Noticed ilikecats's ghost (amateur MiFi)
  1378 | D:3      | Killed ilikecats's ghost
  1378 | D:3      | Reached skill level 5 in Armour
  1378 | D:3      | Reached XP level 4. HP: 31/42 MP: 4/4
  1378 | D:3      | Reached XP level 5. HP: 36/49 MP: 5/5
  1414 | D:3      | Reached XP level 6. HP: 40/56 MP: 6/6
  1442 | D:3      | Noticed Grinder
  1471 | D:3      | Paralysed by Grinder for 6 turns
  1494 | D:3      | HP: 2/56 [Grinder (1)]
  1500 | D:3      | Paralysed by Grinder for 3 turns
  1529 | D:3      | Killed Grinder
  1968 | D:4      | Noticed Blork the orc
  1976 | D:4      | Killed Blork the orc
  1976 | D:4      | Reached XP level 7. HP: 40/63 MP: 7/7
  2010 | D:4      | Reached skill level 6 in Armour
  2014 | D:4      | Reached skill level 5 in Maces & Flails
  2014 | D:4      | Reached skill level 5 in Shields
  2049 | D:4      | Found a sacrificial altar of Ru.
  2193 | D:4      | Noticed Edmund
  2225 | D:4      | Killed Edmund
  2265 | D:4      | Noticed Sigmund
  2276 | D:4      | Killed Sigmund
  2276 | D:4      | Reached XP level 8. HP: 53/72 MP: 7/7
  2329 | D:4      | Noticed Crazy Yiuf
  2337 | D:4      | Killed Crazy Yiuf
  2451 | D:4      | Noticed Duvessa
  2452 | D:4      | Noticed Dowan
  2470 | D:4      | Killed Duvessa
  2470 | D:4      | Reached skill level 7 in Armour
  2477 | D:4      | Killed Dowan
  3003 | D:5      | Entered Level 5 of the Dungeon
  3202 | D:5      | Found a shadowy altar of Dithmenos.
  3202 | D:5      | Found a blossoming altar of Fedhas.
  3508 | D:5      | Reached skill level 8 in Armour
  3661 | D:5      | Found a bloodstained altar of Trog.
  3749 | D:5      | Gained mutation: You passively map the area around you. [Deep Dwarf growth]
  3749 | D:5      | Reached XP level 9. HP: 46/80 MP: 7/7
  4246 | D:6      | Reached skill level 5 in Fighting
  4610 | D:6      | Found a staircase to the Ecumenical Temple.
  4619 | Temple   | Entered the Ecumenical Temple
  4680 | Temple   | Became a worshipper of Elyvilon the Healer
  5069 | D:6      | Reached skill level 1 in Evocations
  5081 | D:6      | Reached skill level 1 in Invocations
  5428 | D:7      | Noticed tstbtto's ghost (novice DrBe)
  5446 | D:7      | Killed tstbtto's ghost
  5446 | D:7      | Reached skill level 9 in Armour
  5493 | D:7      | Found Vemne's Gadget Boutique.
  5501 | D:7      | Bought a plain deck of defence for 168 gold pieces
  5909 | D:7      | Found a runed door.
  5912 | D:7      | Found a runed door.
  5978 | D:7      | Reached XP level 10. HP: 27/88 MP: 9/9
  5980 | D:7      | Reached skill level 5 in Invocations
  6010 | D:7      | Reached * piety under Elyvilon
  6030 | D:7      | Found a shattered altar of Ashenzari.
  6041 | D:7      | Upgraded the game from 0.18-b1-22-ge198996 to 0.18.0-1-g0107ab7
  6577 | D:8      | Found a glowing golden altar of the Shining One.
  6585 | D:8      | Noticed Gastronok
  6923 | D:8      | Found a staircase to the Lair.
  7046 | D:8      | Got a turquoise-encrusted ring mail
  7057 | D:8      | Identified the cursed +1 ring mail of the Spheres {*Contam rPois Dex+3} (You took it off a gnoll shaman on level 8 of the Dungeon)
  7102 | D:8      | Noticed Joseph
  7151 | D:8      | Killed from afar by Gastronok

Skill      XL: |  1  2  3  4  5  6  7  8  9 10 |
---------------+-------------------------------+-----
Fighting       | 3 4 5 |  5.8
Maces & Flails | 3 4 5 7 8 |  8.6
Armour         | 5 6 8 9 |  9.8
Shields        | 4 5 6 |  6.4
Evocations     | 4 |  4.3
Invocations    | 4 6 |  6.7

Action                   |  1- 3 |  4- 6 |  7- 9 | 10-12 || total
-------------------------+-------+-------+-------+-------++-------
Melee: Flail             |   184 |    64 |   218 |       ||   466
       Unarmed           |       |    41 |       |       ||    41
       Morningstar       |       |    11 |   288 |   101 ||   400
       Dagger            |       |       |    19 |       ||    19
       Mace              |       |       |       |   139 ||   139
Invok: Lesser Healing    |       |       |       |    10 ||    10
 Abil: Device Recharging |       |       |     4 |       ||     4
Evoke: Wand              |     1 |     3 |    15 |     4 ||    23
       Deck              |       |       |     4 |       ||     4
  Use: Scroll            |       |    13 |     5 |     1 ||    19
       Potion            |       |       |     3 |       ||     3
  Eat: Chunk             |     2 |     2 |     9 |       ||    13
       Fruit             |       |       |     3 |       ||     3
       Beef jerky        |       |       |     1 |       ||     1
Armor: Scale mail        |   112 |    46 |   114 |       ||   272
       Skin              |       |       |     2 |       ||     2
       Chain mail        |       |       |   179 |    80 ||   259
       Ring mail         |       |       |       |    14 ||    14
Dodge: Dodged            |    94 |    38 |   146 |    48 ||   326
Block: Shield            |    13 |       |   140 |   135 ||   288
       Buckler           |    47 |    16 |    64 |       ||   127
